 Dungeon Crawl Stone Soup version 0.19.1-1-g22dce08 (webtiles) character file.

730 Jynx the Magician (level 7, -6/38 HPs)
             Began as a Deep Elf Fire Elementalist on Jan 9, 2017.
             Was an Initiate of Vehumet.
             Mangled by Dolanko's ghost (12 damage)
             ... on level 5 of the Dungeon.
             The game lasted 00:09:55 (4477 turns).

Jynx the Magician (Deep Elf Fire Elementalist)      Turns: 4477, Time: 00:09:55

Health: -6/38      AC:  4    Str:  5    XL:     7   Next: 44%
Magic:  6/18       EV: 13    Int: 26    God:    Vehumet [......]
Gold:   247        SH:  0    Dex: 15    Spells: 3 memorised, 10 levels left

rFire  . . .     SeeInvis .     s - +2 scythe (flame)
rCold  . . .     Gourm    .     a - +1 robe
rNeg   . . .     Faith    .     (shield currently unavailable)
rPois  .         Spirit   .     (no helmet)
rElec  .         Reflect  .     (no cloak)
rCorr  .         Harm     .     (no gloves)
MR     .....                    o - +0 pair of boots
Stlth  +++.......               (no amulet)
                                w - ring of stealth
                                i - +4 ring of intelligence

@: very slightly contaminated, drained
A: no striking features
a: Renounce Religion


You were on level 5 of the Dungeon.
You worshipped Vehumet.
Vehumet was noncommittal.
You were not hungry.

You visited 1 branch of the dungeon, and saw 5 of its levels.

You collected 247 gold pieces.

Inventory:

Hand Weapons
 s - a +2 scythe of flaming (weapon)
Armour
 a - a +1 robe (worn)
 o - a +0 pair of boots (worn)
Jewellery
 i - a +4 ring of intelligence (left hand)
 w - a ring of stealth (right hand)
Wands
 t - a wand of iceblast (4/15)
 x - a wand of flame (14/48)
Scrolls
 k - a scroll of remove curse
 z - 2 scrolls of amnesia
Potions
 d - 4 potions of mutation
 e - a potion of heal wounds
 f - a potion of brilliance
 g - a potion of resistance
 h - a potion of cancellation
 l - a potion of degeneration {unknown}
 p - a potion of berserk rage {unknown}
Books
 b - a book of Flames

   Spells                             Type                      Level
   a - Flame Tongue                   Conjuration/Fire             1
   b - Throw Flame                    Conjuration/Fire             2
   c - Conjure Flame                  Conjuration/Fire             3
   d - Inner Flame                    Hexes/Fire                   3
   e - Sticky Flame                   Conjuration/Fire             4
   f - Fireball                       Conjuration/Fire             5
 q - a book of Cantrips

   Spells                             Type                      Level
   a - Confusing Touch                Hexes                        1
   b - Animate Skeleton               Necromancy                   1
   c - Summon Small Mammal            Summoning                    1
   d - Apportation                    Translocation                1
Comestibles
 c - 2 bread rations
 j - a royal jelly
 m - 2 chunks of flesh
 n - a beef jerky
 r - a slice of pizza
 v - 3 fruits
 A - a meat ration


   Skills:
 - Level 1.0(0.5) Fighting
 - Level 3.5(3.0) Dodging
 - Level 3.1(2.6) Stealth
 - Level 0.1(0.0) Unarmed Combat
 + Level 6.4(5.8) Spellcasting
 + Level 4.4(3.8) Conjurations
 * Level 6.1(5.5) Fire Magic


You had 10 spell levels left.
You knew the following spells:

 Your Spells              Type           Power        Failure   Level  Hunger
a - Flame Tongue          Conj/Fire      ####.        1%          1    None
b - Conjure Flame         Conj/Fire      ####....     3%          3    None
c - Sticky Flame          Conj/Fire      ####....     12%         4    ###....


Dungeon Overview and Level Annotations

Branches:
Dungeon (5/15)
 Temple: D:4-7

Altars:
Cheibriados
Hepliaklqana
Nemelex Xobeh
Sif Muna
Vehumet
Xom
Yredelemnul

Annotations:
D:5 Dolanko's ghost, novice DrGl


Message History

Confirm with . or Enter, or press ? or * to list all spells.
Aiming: Flame Tongue
Press: ? - help, Shift-Dir - straight line, f/p - Dolanko's ghost
Aim: Dolanko's ghost (flame, heavily damaged, catching its breath)
The flame tongue hits Dolanko's ghost.
Dolanko's ghost appears unharmed.
Dolanko's ghost is heavily damaged.
Dolanko's ghost is engulfed in roaring flames.
Dolanko's ghost hits you!
* * * LOW HITPOINT WARNING * * *
Casting: Flame Tongue
Confirm with . or Enter, or press ? or * to list all spells.
Aiming: Flame Tongue
Press: ? - help, Shift-Dir - straight line, f/p - Dolanko's ghost
Aim: Dolanko's ghost (flame, heavily damaged, catching its breath)
You miscast Flame Tongue.
You are very lightly contaminated with residual magic.
The air around you burns with energy!
Dolanko's ghost is engulfed in roaring flames.
Dolanko's ghost hits you!
You die...

#** ### #.###.#
*.....#####**##*#
*,##.....<*,..,.#
*,#.....###.###.#
#.###...W@..#...*
#.....#.#####.#** #####
##....#.......#####...####
#....#####>)..)..'......#
#...W.,,,#)#######...##.#
#.....**,#.# #..(##..
####..#*,#.# #...###.
***#..#*,..# **##### #.
**,,...#**#.# *,,,* #.


You could see Dolanko's ghost.

Vanquished Creatures
  The ghost of Dolanko the Slasher, an amateur DrGl (D:4)
  Sigmund (D:3)
  A bullfrog zombie (D:4)
  A hound (D:4)
  2 bullfrog skeletons (D:4)
  An iguana (D:5)
  Ijyb (D:3)
  A hound skeleton (D:5)
  7 adders
  A shadow imp (D:3)
  2 oozes
  7 worms
  A dart slug (D:3)
  5 leopard geckos
  10 orcs
  3 ball pythons
  A giant cockroach (D:2)
  4 goblins
  7 hobgoblins
  3 jackals (D:1)
  2 quokkas
  8 bats
  4 frilled lizards
  8 kobolds
  7 rats
89 creatures vanquished.

Notes
Turn   | Place    | Note
-------+----------+-------------------------------------------
     0 | D:1      | Jynx the Deep Elf Fire Elementalist began the quest for the Orb.
     0 | D:1      | Reached XP level 1. HP: 10/10 MP: 6/6
   238 | D:1      | Reached XP level 2. HP: 15/15 MP: 4/8
   788 | D:2      | Reached XP level 3. HP: 19/19 MP: 5/9
  1281 | D:2      | Found a hazy altar of Hepliaklqana.
  1440 | D:2      | Found a shimmering altar of Xom.
  1442 | D:2      | Found an opulent altar of Gozag.
  1442 | D:2      | Found a deep blue altar of Sif Muna.
  1450 | D:2      | Reached XP level 4. HP: 23/24 MP: 2/11
  1519 | D:2      | Found a sparkling altar of Nemelex Xobeh.
  1519 | D:2      | Found a basalt altar of Yredelemnul.
  1519 | D:2      | Found a snail-covered altar of Cheibriados.
  1590 | D:2      | Found a radiant altar of Vehumet.
  1718 | D:3      | Noticed Sigmund
  1736 | D:3      | Learned a level 3 spell: Conjure Flame
  2021 | D:3      | Killed Sigmund
  2021 | D:3      | Reached skill level 5 in Spellcasting
  2021 | D:3      | Reached skill level 5 in Fire Magic
  2021 | D:3      | Reached XP level 5. HP: 28/28 MP: 3/14
  2174 | D:3      | Noticed Ijyb
  2499 | D:3      | Found a basalt altar of Yredelemnul.
  2502 | D:3      | Reached XP level 6. HP: 32/32 MP: 9/15
  2807 | D:3      | Killed Ijyb
  3181 | D:4      | Noticed Dolanko's ghost (amateur DrGl)
  3507 | D:2      | Became a worshipper of Vehumet
  3681 | D:4      | Learned a level 4 spell: Sticky Flame
  3985 | D:4      | Killed Dolanko's ghost
  3985 | D:4      | Reached skill level 1 in Fighting
  3985 | D:4      | Reached XP level 7. HP: 20/38 MP: 3/18
  4258 | D:5      | Entered Level 5 of the Dungeon
  4461 | D:5      | Noticed Dolanko's ghost (novice DrGl)
  4477 | D:5      | Mangled by Dolanko's ghost

Skill      XL: |  1  2  3  4  5  6  7 |
---------------+----------------------+-----
Dodging        | 3 |  3.5
Fire Magic     | 4 5 6 |  6.1
Spellcasting   | 5 6 |  6.4
Conjurations   | 2 4 |  4.4
Stealth        | 3 |  3.1
Fighting       | 1 |  1.0
Unarmed Combat | |  0.1

Action                   |  1- 3 |  4- 6 |  7- 9 || total
-------------------------+-------+-------+-------++-------
Melee: Unarmed           |     4 |     3 |       ||     7
       Scythe            |       |     1 |       ||     1
 Cast: Flame Tongue      |    74 |   133 |    34 ||   241
       Conjure Flame     |       |     3 |     1 ||     4
  Use: Scroll            |       |     8 |     5 ||    13
  Eat: Chunk             |     1 |     8 |     2 ||    11
Armor: Robe              |    12 |     4 |     3 ||    19
Dodge: Dodged            |    35 |    43 |     3 ||    81
